 Dungeon Crawl Stone Soup version 0.25.1-2-g60ff931df9 (webtiles) character file.

Game seed: 15524935191153055219

56 Curus the Unweaver (level 3, -1/29 HPs)
             Began as a Demonspawn Abyssal Knight on Aug 11, 2020.
             Was a Follower of Lugonu.
             Slain by a centaur
             ... wielding a cursed -2 shortbow
              (3 damage)
             ... on level 2 of the Dungeon.
             The game lasted 00:07:25 (953 turns).

Curus the Unweaver (Demonspawn Abyssal Knight)       Turns: 953, Time: 00:07:25

Health: -1/29      AC:  7    Str: 12    XL:     3   Next: 69%
Magic:  6/6        EV: 10    Int: 13    God:    Lugonu [*.....]
Gold:   45         SH:  0    Dex: 13    Spells: 2/2 levels left

rFire    . . .     SeeInvis .   a - +2 falchion
rCold    . . .     Gourm    .   (no shield)
rNeg     . . .     Faith    .   e - +0 ring mail
rPois    .         Spirit   .   (no helmet)
rElec    .         Reflect  .   (no cloak)
rCorr    .         Harm     .   (no gloves)
MR       .....                  (no boots)
Stlth    ++........             (no amulet)
HPRegen  0.09/turn              (no ring)
MPRegen  0.10/turn              (no ring)

@: no status effects
A: icy blue scales 1, nightstalker 1
a: Depart the Abyss, Renounce Religion


You were on level 2 of the Dungeon.
You worshipped Lugonu.
Lugonu was aware of your devotion.
You were not hungry.

You visited 1 branch of the dungeon, and saw 2 of its levels.
You visited the Abyss 1 time.

You collected 45 gold pieces.

Inventory:

Hand Weapons
 a - a +2 falchion (weapon)
Armour
 b - a +0 leather armour
 d - a +2 kite shield
 e - a +0 ring mail (worn)
Scrolls
 f - 3 scrolls of identify
 i - a scroll of teleportation
Comestibles
 c - a ration
 g - 2 chunks of flesh


   Skills:
 - Level 3.0 Fighting
 + Level 2.9 Long Blades
 - Level 1.7 Armour
 - Level 0.8 Dodging
 + Level 4.1 Invocations


You had 2 spell levels left.
You didn't know any spells.
Your spell library was empty.

Dungeon Overview and Level Annotations

Branches:
Dungeon (2/15)

Altars:


Innate Abilities, Weirdness & Mutations

You are partially covered in icy blue scales. (AC +2)
You are slightly more attuned to the shadows.


Message History

The centaur is severely wounded.
The centaur hits you with a cursed -2 shortbow.
You hit the centaur.
The centaur is severely wounded.
The centaur barely misses you.
You riposte.
You hit the centaur.
The centaur is almost dead.
The centaur hits you but does no damage.
You barely miss the centaur.
The centaur is almost dead.
The centaur hits you with a cursed -2 shortbow. x2
You hit the centaur but do no damage.
The centaur is almost dead.
The centaur hits you with a cursed -2 shortbow.
* * * LOW HITPOINT WARNING * * *
You closely miss the centaur.
The centaur is almost dead.
The centaur hits you with a cursed -2 shortbow.
* * * LOW HITPOINT WARNING * * *
The centaur hits you with a cursed -2 shortbow.
You die...

#.###############.#
#.#####.........#.#
#............<#.#.#
#..........####.#.#
#...............#.#
###+#((........######.#
#.?..(.........# #.#
#.....(..#.##########.#
#.....@..#.#<.........#
#.$...c..#.........####
#........#...รท<....#
###+#.####.........#
#?# #.........# #.
#.###'##### #. #.# #.#
#.# #.# #. #.#


You could see a centaur.

Vanquished Creatures
  Jessica (D:2)
  2 leopard geckos (D:1)
  A giant cockroach (D:1)
  2 goblins
  3 hobgoblins
  2 bats (D:1)
  3 frilled lizards (D:1)
  10 kobolds (D:1)
  6 rats
30 creatures vanquished.

Notes
Turn   | Place    | Note
-------+----------+-------------------------------------------
     0 | Abyss:1  | Curus the Demonspawn Abyssal Knight began the quest for the
                  | Orb.
     0 | Abyss:1  | Reached XP level 1. HP: 18/18 MP: 2/2
     4 | D:1      | Escaped the Abyss
   276 | D:1      | Reached skill level 3 in Invocations
   277 | D:1      | Gained mutation: You are partially covered in icy blue
                  | scales. (AC +2) [demonic ancestry]
   277 | D:1      | Reached XP level 2. HP: 10/24 MP: 2/4
   882 | D:2      | Gained mutation: You are slightly more attuned to the
                  | shadows. [demonic ancestry]
   882 | D:2      | Reached XP level 3. HP: 29/29 MP: 5/5
   895 | D:2      | Noticed Jessica
   900 | D:2      | Killed Jessica
   900 | D:2      | Reached skill level 4 in Invocations
   938 | D:2      | Noticed a centaur
   953 | D:2      | Slain by a centaur

Illustrated notes

Levels and vault maps discovered:
D:1:      minmay_arrival_shattered_statue, layout_rooms, serial_bayou_crossing
D:2:      layout_basic, chequers_temple_overflow_statue_of_worship,
          nicolae_qazlal_general_emergency, uniq_jessica

Skill      XL: |  1  2  3 |
---------------+----------+-----
Long Blades    | 2 |  2.9
Invocations    | 3 4 |  4.1
Fighting       | |  3.0
Armour         | |  1.7
Dodging        | |  0.8

Action                   || total
-------------------------++-------
Melee: Falchion          ||    85
  Use: Scroll            ||     4
       Potion            ||     2
Armor: Leather armour    ||     8
       Ring mail         ||    25
Dodge: Dodged            ||    45
       Rpst.: Falchion   ||    12
